 Dungeon Crawl Stone Soup version 0.24.0 (webtiles) character file.

Game seed: 10087717394344056265, levelgen mode: deterministic

8901 Mrkan the Cleaver (level 11, 0/101 HPs)
             Began as a Minotaur Fighter on Oct 25, 2019.
             Was an Elder of Okawaru.
             Killed from afar by an electric eel (2 damage)
             ... with a bolt of electricity
             ... on level 11 of the Dungeon.
             The game lasted 00:22:46 (9442 turns).

Mrkan the Cleaver (Minotaur Fighter)                Turns: 9442, Time: 00:22:46

Health: 0/101      AC: 12    Str: 22    XL:     11   Next: 16%
Magic:  10/10      EV:  5    Int:  5    God:    Okawaru [****..]
Gold:   542        SH: 12    Dex: 15    Spells: 10/10 levels left

rFire    . . .     SeeInvis .   a - +0 war axe
rCold    . . .     Gourm    .   c - +0 shield
rNeg     . . .     Faith    .   H - +0 plate armour
rPois    .         Spirit   .   (helmet restricted)
rElec    .         Reflect  .   (no cloak)
rCorr    +         Harm     .   (no gloves)
MR       .....                  m - +0 pair of boots
Stlth    ..........             (no amulet)
HPRegen  0.26/turn              t - ring of resist corrosion
MPRegen  0.12/turn              P - +3 ring of dexterity

@: studying Air Magic
A: retaliatory headbutt, horns 2
a: Heroism, Renounce Religion


You were on level 11 of the Dungeon.
You worshipped Okawaru.
Okawaru was greatly pleased with you.
You were not hungry.

You visited 1 branch of the dungeon, and saw 11 of its levels.

You collected 542 gold pieces.

Inventory:

Hand Weapons
 a - a +0 war axe (weapon)
 G - the cursed +0 scythe of Wealth {slice, +Fly rC+ Str+4}
   (You found it on level 6 of the Dungeon)

   It inflicts extra damage upon your enemies.
   It affects your strength (+4).
   It protects you from cold.
   It lets you fly.
   It has a curse placed upon it.
 N - the +7 hunting sling of Fate {velocity, *Slow rF+ MR+ Dex+4}
   (You found it on level 7 of the Dungeon)

   Any stone fired from it inflicts extra damage.
   It affects your dexterity (+4).
   It protects you from fire.
   It affects your resistance to hostile enchantments.
   It may slow you when you take damage.
Missiles
 g - 271 stones (quivered)
 O - 3 throwing nets
Armour
 c - a +0 shield (worn)
 h - +0 acid dragon scales
 m - a +0 pair of boots (worn)
 H - a +0 plate armour (worn)
 K - +0 acid dragon scales
Magical Staves
 J - an uncursed staff of power {unknown}
Jewellery
 b - an uncursed ring of protection from cold {unknown}
 t - a ring of resist corrosion (left hand)
 v - an uncursed amulet of the gourmand
 L - an uncursed ring of stealth {unknown}
 P - a +3 ring of dexterity (right hand)
Wands
 w - a wand of paralysis (7)
 F - a wand of flame (31)
Scrolls
 e - 3 scrolls of identify
 i - 3 scrolls of amnesia
 j - 4 scrolls of enchant weapon {unknown}
 n - 8 scrolls of remove curse {unknown}
 p - 5 scrolls of magic mapping {unknown}
 q - 3 scrolls of teleportation {unknown}
 z - 4 scrolls of enchant armour {unknown}
 A - a scroll of acquirement {unknown}
 C - 3 scrolls of immolation {unknown}
 D - a scroll of random uselessness {unknown}
 E - 2 scrolls of noise {unknown}
 I - a scroll of summoning {unknown}
 M - a scroll of blinking {unknown}
Potions
 d - 3 potions of might
 l - 2 potions of magic {unknown}
 r - a potion of lignification
 s - 2 potions of curing {unknown}
 u - a potion of haste {unknown}
 x - a potion of berserk rage
 B - 4 potions of agility
Books
 y - a manual of Air Magic
Comestibles
 f - 23 rations
 o - 7 chunks of flesh


   Skills:
 + Level 10.9 Fighting
 * Level 14.2 Axes
 - Level 3.6 Armour
 + Level 10.9 Shields


You had 10 spell levels left.
You didn't know any spells.
Your spell library was empty.

Dungeon Overview and Level Annotations

Branches:
Dungeon (11/15)            Temple (0/1) D:6            Lair (0/6) D:11
    Orc (0/2) D:9

Altars:
Ashenzari
Okawaru
Qazlal
Trog
Vehumet
Xom
Yredelemnul
Zin

Shops:
D:6 **   D:8 (

Annotations:
D:8 Prince Ribbit


Innate Abilities, Weirdness & Mutations

You reflexively headbutt those who attack you in melee.
You have a pair of horns on your head.


Message History

* * * LOW HITPOINT WARNING * * *
You block the wolf's attack.
You hit the electric eel but do no damage.
You hit the wolf. You hit the hound. You miss the wolf.
Your plate armour prevents you from hitting the electric eel.
You block the wolf's attack. The hound bites you but does no damage.
The electric eel shoots out a bolt of lightning at you!
The bolt of electricity misses you. The wolf bites you.
* * * LOW HITPOINT WARNING * * *
You slash the electric eel!
The electric eel is severely wounded.
You barely miss the electric eel. You hit the wolf but do no damage.
Your shield and plate armour prevent you from hitting the hound.
You closely miss the wolf. The wolf bites you!
* * * LOW HITPOINT WARNING * * *
You block the hound's attack. The wolf bites you.
* * * LOW HITPOINT WARNING * * *
The electric eel shoots out a bolt of lightning at you!
The bolt of electricity hits you.
You die...

≈..≈≈≈....#
..≈≈≈.≈≈..#
>(.≈≈≈≈...#
..≈≈≈≈≈≈..##
≈≈.≈≈≈≈....#
≈≈≈≈≈≈.≈...#
≈≈≈.≈h;;...####
≈≈≈≈hhh@......#
≈≈≈≈?.hh≈.....#
≈≈≈≈...h......#
....#..†......#
....#.........#
###.#.........#
#.#........>#
#.#.........#
#.##.########


You could see 2 wolves, 5 hounds and 2 electric eels.

Vanquished Creatures
  2 two-headed ogres
  A manticore (D:10)
  A merfolk (D:10)
  2 hippogriffs
  A spriggan (D:10)
  Sigmund (D:6)
  8 yaks
  A human (D:10)
  A hungry ghost (D:10)
  Edmund (D:6)
  Menkaure (D:6)
  An acid dragon (D:8)
  2 wargs (D:9)
  A water moccasin (D:10)
  2 ice beasts
  An eye of draining (D:8)
  An orc warrior (D:9)
  2 sky beasts
  3 phantoms
  2 necrophages
  A wolf (D:11)
  2 ogres
  8 centaurs
  2 bullfrogs
  A water moccasin zombie (D:8)
  3 scorpions
  10 killer bees
  2 crimson imps (D:9)
  3 bullfrog zombies (D:5)
  A quasit (D:7)
  A bullfrog skeleton (D:8)
  5 jellies
  7 hounds
  5 orc priests
  A centaur skeleton (D:4)
  An iguana (D:5)
  8 orc wizards
  9 worker ants
  2 killer bee zombies
  A hound zombie (D:6)
  A howler monkey skeleton (D:4)
  2 worker ant zombies
  6 gnolls
  10 adders
  2 shadow imps
  2 oozes
  2 adder skeletons
  3 adder zombies (D:5)
  4 worms
  2 dart slugs (D:1)
  7 leopard geckos
  42 orcs
  5 ball pythons
  4 giant cockroaches
  9 goblins
  12 hobgoblins
  12 jackals
  11 kobolds
  2 quokkas
  9 bats
  6 frilled lizards
  A jackal skeleton (D:5)
  A leopard gecko zombie (D:8)
  A quokka zombie (D:5)
  7 rats
271 creatures vanquished.

Vanquished Creatures (others)
  A plant (D:8)
1 creature vanquished.

Grand Total: 272 creatures vanquished

Notes
Turn   | Place    | Note
-------+----------+-------------------------------------------
     0 | D:1      | Mrkan the Minotaur Fighter began the quest for the Orb.
     0 | D:1      | Reached XP level 1. HP: 19/19 MP: 0/0
   168 | D:1      | Reached XP level 2. HP: 27/27 MP: 1/1
   189 | D:1      | Reached skill level 3 in Axes
   355 | D:1      | Reached XP level 3. HP: 28/33 MP: 2/2
   800 | D:2      | Reached skill level 4 in Axes
   836 | D:2      | Reached XP level 4. HP: 30/41 MP: 3/3
  1337 | D:3      | Noticed a phantom
  1375 | D:3      | Killed a phantom
  1375 | D:3      | Reached skill level 5 in Axes
  1375 | D:3      | Reached XP level 5. HP: 27/47 MP: 4/4
  1538 | D:3      | Reached skill level 5 in Fighting
  1541 | D:3      | Reached skill level 5 in Shields
  1558 | D:3      | Reached XP level 6. HP: 20/56 MP: 5/5
  1853 | D:3      | Found a faded altar of an unknown god.
  1993 | D:4      | Reached skill level 6 in Axes
  2293 | D:4      | Noticed an ice beast
  2302 | D:4      | Killed an ice beast
  2302 | D:4      | Reached XP level 7. HP: 36/62 MP: 6/6
  2310 | D:4      | Reached skill level 7 in Axes
  2824 | D:5      | Entered Level 5 of the Dungeon
  2920 | D:5      | Reached skill level 8 in Axes
  3015 | D:5      | Reached XP level 8. HP: 56/71 MP: 7/7
  3657 | D:6      | Found a stormy altar of Qazlal.
  3742 | D:6      | Noticed Sigmund
  3745 | D:6      | Got an encrusted scythe
  3751 | D:6      | Killed Sigmund
  3751 | D:6      | Reached skill level 9 in Axes
  3787 | D:6      | Found Lomusig's Assorted Antiques.
  4062 | D:6      | Noticed Edmund
  4076 | D:6      | Killed Edmund
  4112 | D:6      | Found a radiant altar of Vehumet.
  4123 | D:6      | Reached skill level 10 in Axes
  4146 | D:6      | Found a staircase to the Ecumenical Temple.
  4192 | D:6      | Found Foanunk's Lightly-Used Armoury.
  4221 | D:6      | Found a glowing silver altar of Zin.
  4287 | D:6      | Noticed Menkaure
  4292 | D:6      | Killed Menkaure
  4292 | D:6      | Reached XP level 9. HP: 30/81 MP: 8/8
  4341 | D:6      | Found an iron altar of Okawaru.
  4342 | D:6      | Found a bloodstained altar of Trog.
  4342 | D:6      | Found a basalt altar of Yredelemnul.
  4342 | D:6      | Found a shimmering altar of Xom.
  4345 | D:6      | Found a shattered altar of Ashenzari.
  4363 | D:6      | Became a worshipper of Warmaster Okawaru
  4638 | D:7      | You fall into a shaft and drop 2 floors!
  4842 | D:8      | Reached skill level 11 in Axes
  4899 | D:8      | Found Nifaclam's Weapon Emporium.
  5126 | D:8      | Noticed Prince Ribbit
  5209 | D:8      | Reached * piety under Okawaru
  6420 | D:7      | Got a translucent hunting sling
  6591 | D:7      | Identified the cursed +0 scythe of Wealth {slice, +Fly rC+
                  | Str+4} (You found it on level 6 of the Dungeon)
  6592 | D:7      | Identified the +7 hunting sling of Fate {velocity, *Slow
                  | rF+ MR+ Dex+4} (You found it on level 7 of the Dungeon)
  6980 | D:9      | Found a staircase to the Orcish Mines.
  6989 | D:9      | Reached skill level 12 in Axes
  6998 | D:9      | Reached XP level 10. HP: 72/91 MP: 6/9
  7090 | D:9      | Noticed a two-headed ogre
  7101 | D:9      | Killed a two-headed ogre
  7101 | D:9      | Reached ** piety under Okawaru
  7248 | D:9      | Reached *** piety under Okawaru
  7254 | D:9      | Reached skill level 10 in Fighting
  7254 | D:9      | Reached skill level 10 in Shields
  7259 | D:9      | Reached skill level 13 in Axes
  7814 | D:10     | Entered Level 10 of the Dungeon
  7973 | D:10     | Reached **** piety under Okawaru
  8254 | D:10     | HP: 3/94 [merfolk/+0 trident (14)]
  8773 | D:10     | Noticed a manticore
  8787 | D:10     | Killed a manticore
  8787 | D:10     | Reached skill level 14 in Axes
  8787 | D:10     | Reached XP level 11. HP: 55/101 MP: 10/10
  8812 | D:10     | Noticed a two-headed ogre
  8833 | D:10     | Killed a two-headed ogre
  9435 | D:11     | Found a staircase to the Lair.
  9438 | D:11     | HP: 4/101 [wolf (8)]
  9442 | D:11     | Killed from afar by an electric eel

Levels and vault maps discovered:
D:1:      sevenhm_arrival_forest_fort_small_6, layout_basic, minmay_ruptured
D:2:      layout_loops_ring
D:3:      layout_basic, chequers_ecumenical_altar_grove, first_ration
D:4:      layout_basic, minmay_manual_monstrance
D:5:      layout_gridville, serial_undead, serial_undead_a, serial_undead_e,
          serial_undead_c, serial_undead_a
D:6:      layout_cave_pools, vehumet_altar_wand_db, minitemple,
          minmay_temple_entry_ruins, serial_shops, nicolae_shop_waterfront,
          basic_altar, nrook_uturn, minmay_shop_damaged,
          sigmund_edmund_badplayer, uniq_menkaure
D:7:      layout_layer_cave, hangedman_decor_lopped
D:8:      cheibrodos_two_vegetables, layout_cave_pools, serial_shops, shop,
          uniq_prince_ribbit1
D:9:      layout_basic, erik_orc_4
D:10:     layout_basic, hangedman_stone_soup
D:11:     layout_basic, erik_lair_island, serial_shops, shop
